 Dungeon Crawl Stone Soup version 0.13.0 (webtiles) character file.

15766 MackTheKnife the Nimble (level 12, -3/93 HPs)
             Began as a Merfolk Gladiator on Oct 11, 2013.
             Was the Champion of Okawaru.
             Slain by an eight-headed hydra (10 damage)
             ... on Level 3 of the Lair of Beasts.
             The game lasted 01:22:47 (17633 turns).

MackTheKnife the Nimble (Merfolk Gladiator)        Turns: 17633, Time: 01:22:48

HP  -3/93        AC  9     Str 15      XL: 12   Next: 23%
MP  19/19        EV 24     Int 10      God: Okawaru [******]
Gold 637         SH  0     Dex 22      Spells:  3 memorised,  4 levels left

Res.Fire  : . . .   See Invis. : +   P - +6,+2 demon trident (elec)
Res.Cold  : . . .   Warding    : .   d - +1 robe of the Burgomaster {Dex+3 Int+2}
Life Prot.: . . .   Conserve   : .   (no shield)
Res.Poison: .       Res.Corr.  : .   t - +0 plumed helmet
Res.Elec. : .       Clarity    : .   k - +2 elf cloak
Sust.Abil.: . .     Spirit.Shd : .   (no gloves)
Res.Mut.  : .       Stasis     : .   (no boots)
Res.Rott. : .       Flight     : .   e - cursed amulet of faith
Saprovore : . . .                    w - ring of see invisible
                                     c - +2 ring of protection

@: mildly poisoned, quick, somewhat resistant to hostile enchantments, fairly
stealthy
A: change form in water, swift swim
a: Heroism, Finesse, Renounce Religion


You were on level 3 of the Lair of Beasts.
You worshipped Okawaru.
Okawaru was exalted by your worship.
You were not hungry.

You visited 3 branches of the dungeon, and saw 14 of its levels.

You collected 617 gold pieces.

Inventory:

Hand weapons
 a - the +11,+2 halberd of the Forest {pain, +Rage rPois rN+ Int-3}
   (Okawaru gifted it to you on level 2 of the Lair of Beasts)

   In the hands of one skilled in necromantic magic, it inflicts extra damage on
   living creatures.
   It affects your intelligence (-3).
   It protects you from poison.
   It protects you from negative energy.
   It lets you go berserk.
 o - the +3,-1 triple sword "Wept" {holy, Stlth+, unknown}
   (Okawaru gifted it to you on level 3 of the Lair of Beasts)

   It has been blessed by the Shining One to cause great damage to the undead
   and demons.
   It makes you much more stealthy.
 P - a +6,+2 demon trident of electrocution (weapon)
Armour
 d - the +1 robe of the Burgomaster (worn) {Dex+3 Int+2}
   (You found it on level 2 of the Lair of Beasts)

   It affects your intelligence (+2).
   It affects your dexterity (+3).
 k - a +2 elven cloak (worn)
 t - a +0 plumed helmet (worn)
 Q - a +0 leather armour
Magical devices
 j - a wand of paralysis (12)
 v - a wand of flame (6)
 y - a wand of enslavement (13)
 D - a wand of disintegration (0)
 I - a wand of fire (0)
 L - a wand of confusion (15)
 U - a wand of lightning (6)
Comestibles
 f - 4 bread rations
 m - 4 pears
 p - 11 honeycombs
 M - a beef jerky
Scrolls
 g - a scroll of teleportation
 i - 6 scrolls of remove curse
 l - a scroll of amnesia
 z - 2 scrolls of magic mapping
 N - a scroll of fog
Jewellery
 c - a +2 ring of protection (left hand)
 e - a cursed amulet of faith (around neck)
 s - a +4 ring of strength {unknown}
 w - a ring of see invisible (right hand)
 T - an uncursed ring of protection from cold
Potions
 b - a potion of strong poison {unknown}
 h - 7 potions of brilliance
 n - 2 potions of heal wounds
 q - 3 potions of curing
 r - a potion of resistance
 u - 3 potions of magic
 A - a potion of berserk rage
 F - 2 potions of flight
 K - 2 potions of restore abilities


   Skills:
 + Level 10.3 Fighting
 - Level 11.7 Polearms
 - Level 2.0 Throwing
 + Level 12.0 Dodging
 - Level 8.1 Charms
 - Level 8.2 Ice Magic
 - Level 4.4 Air Magic
 + Level 4.7 Invocations


You had 4 spell levels left.
You knew the following spells:

 Your Spells              Type           Power        Failure   Level  Hunger
a - Swiftness             Chrm/Air       ##........   6%          2    ###....
b - Ozocubu's Armour      Chrm/Ice       ###.......   4%          3    ####...
c - Repel Missiles        Chrm/Air       ##........   6%          2    ###....


Dungeon Overview and Level Annotations

Branches:
Dungeon (10/27)            Temple (1/1) D:6            Lair (3/8) D:10
    Orc: D:6-11       Swamp: Lair:3-6    Shoals: Lair:3-6     Snake: Lair:3-6
 Spider: Lair:3-6

Altars:
Ashenzari
Cheibriados
Elyvilon
Fedhas
Kikubaaqudgha
Makhleb
Nemelex Xobeh
Okawaru
Sif Muna
Trog
Vehumet
Xom
Yredelemnul
Zin
the Shining One

Annotations:
D:8 Gastronok


Message History

* * * LOW HITPOINT WARNING * * *
The eight-headed hydra completely misses you.
The eight-headed hydra bites you.
* * * LOW HITPOINT WARNING * * *
The eight-headed hydra bites you.
* * * LOW HITPOINT WARNING * * *
The eight-headed hydra completely misses you.
Drink which item? (? for menu, Esc to quit)
You feel much better.
Your icy armour evaporates.
The eight-headed hydra bites you. The eight-headed hydra bites you!
* * * LOW HITPOINT WARNING * * *
The eight-headed hydra completely misses you.
The eight-headed hydra barely misses you.
The eight-headed hydra misses you.
The eight-headed hydra closely misses you.
The eight-headed hydra bites you!
* * * LOW HITPOINT WARNING * * *
The eight-headed hydra bites you!
You die...

#.#...#....# #.P...#...f#
#...#.....## ...P#...#.# ##
#......#)..###.###..
#.#.....#..[.......
#.f..........###.P.
#.....%.%D....#
##....≈≈≈.@...##
#....≈≈≈≈≈(..##
#....≈≈%.....#
#......(((.## ##.....#####
.#.#### ###..f## ......#
#.#'.######## #
......###.........#.# ....
......#..'.....(....##.....


You could see an eight-headed hydra.

Vanquished Creatures
  A hydra (Lair:1)
  Joseph (Lair:1)
  2 hill giants
  2 black mambas
  2 spiny frogs (Lair:2)
  A fire drake (Lair:1)
  2 komodo dragons (Lair:2)
  A queen bee (Lair:3)
  A wyvern (D:9)
  A basilisk (Lair:2)
  8 blink frogs (Lair:3)
  A trapdoor spider (D:8)
  A merfolk (D:7)
  10 yaks
  4 hippogriffs
  6 necrophages (Lair:3)
  2 orc warriors
  2 ice beasts
  4 ogres
  3 porcupines
  A sky beast (D:9)
  9 centaurs
  4 crocodiles
  A big kobold (D:10)
  4 water moccasins
  3 giant slugs (Lair:2)
  5 giant frogs
  26 killer bees (Lair:3)
  An eye of draining (D:8)
  A troll skeleton (D:10)
  A quasit (D:7)
  6 hounds
  2 goliath beetles
  2 crimson imps
  3 big fish (D:7)
  10 orc wizards
  A centaur skeleton (D:8)
  A giant frog skeleton (D:4)
  3 orc priests
  5 iguanas
  7 worker ants
  14 sheep
  Ijyb (D:2)
  An ogre zombie (D:10)
  A mummy (D:7)
  3 ogre skeletons
  8 adders
  3 gnolls (D:5)
  A giant centipede (Lair:2)
  An inept feature mimic (D:4)
  5 worms
  8 green rats (Lair:3)
  2 giant mites
  2 giant eyeballs
  2 oozes (D:2)
  38 orcs
  14 bats
  2 giant cockroaches
  10 goblins
  16 hobgoblins
  14 jackals
  21 kobolds
  12 quokkas
  2 ball pythons (D:1)
  6 giant geckos
  6 giant newts
  A giant newt skeleton (D:4)
  A goblin skeleton (D:4)
  A hobgoblin skeleton (D:3)
  A hobgoblin zombie (D:6)
  A kobold skeleton (D:4)
  An orc skeleton (D:7)
  2 orc zombies
  29 rats
  7 ballistomycetes
388 creatures vanquished.

Vanquished Creatures (others)
  A scorpion (D:6)
  2 worker ants (D:6)
  An adder (D:6)
  A giant gecko (D:6)
  2 orcs (D:6)
  A quokka (D:6)
  3 giant spores
  A kobold (D:6)
  An orc zombie (D:6)
  4 fungi
  A plant (Lair:3)
18 creatures vanquished.

Grand Total: 406 creatures vanquished

Notes
Turn   | Place    | Note
--------------------------------------------------------------
     0 | D:1      | MackTheKnife, the Merfolk Gladiator, began the quest for the Orb.
     0 | D:1      | Reached XP level 1. HP: 17/17 MP: 0/0
   194 | D:1      | Reached skill level 5 in Polearms
   196 | D:1      | Reached XP level 2. HP: 23/23 MP: 1/1
   822 | D:2      | Reached skill level 6 in Polearms
   822 | D:2      | Reached XP level 3. HP: 28/28 MP: 2/2
  1421 | D:2      | Noticed Ijyb
  1449 | D:2      | Killed Ijyb
  1449 | D:2      | Reached skill level 7 in Polearms
  1449 | D:2      | Reached XP level 4. HP: 31/35 MP: 3/3
  1699 | D:3      | Found a glowing silver altar of Zin.
  1699 | D:3      | Noticed an angel
  1816 | D:3      | Reached skill level 8 in Polearms
  1821 | D:3      | Reached XP level 5. HP: 35/40 MP: 4/4
  2878 | D:3      | Reached skill level 9 in Polearms
  2982 | D:4      | Reached XP level 6. HP: 23/46 MP: 5/5
  3626 | D:4      | Reached skill level 10 in Polearms
  3664 | D:4      | Noticed an ogre
  3895 | D:4      | Noticed a hippogriff
  3908 | D:4      | Killed a hippogriff
  3908 | D:4      | Reached XP level 7. HP: 23/51 MP: 6/6
  4073 | D:4      | Noticed an ogre
  4093 | D:4      | Killed an ogre
  4093 | D:4      | Reached skill level 11 in Polearms
  4636 | D:4      | Found a staircase to the Ecumenical Temple.
  4912 | D:4      | the staircase to the Ecumenical Temple was a mimic.
  4936 | D:5      | Entered Level 5 of the Dungeon
  5219 | D:4      | Killed an ogre
  5219 | D:4      | Reached skill level 5 in Dodging
  5736 | D:5      | Reached XP level 8. HP: 35/60 MP: 7/7
  6056 | D:5      | Found a basalt altar of Yredelemnul.
  6190 | D:6      | Identified the Catalogue of Enhancements
  6209 | D:6      | Found a shimmering altar of Xom.
  6380 | D:6      | Found a staircase to the Ecumenical Temple.
  6391 | Temple   | Entered the Ecumenical Temple
  6398 | Temple   | Became a worshipper of Warmaster Okawaru
  6446 | D:6      | Found a white marble altar of Elyvilon.
  6906 | D:7      | Reached skill level 5 in Fighting
  7722 | D:6      | Paralysed by a giant eyeball for 4 turns
  7729 | D:6      | Paralysed by a giant eyeball for 2 turns
  8111 | D:7      | Acquired Okawaru's first power
  8227 | D:7      | Reached XP level 9. HP: 55/68 MP: 8/8
  9905 | D:8      | Reached skill level 10 in Dodging
  9914 | D:8      | Got a polished bow
 10033 | D:8      | Found an iron altar of Okawaru.
 10058 | D:8      | Noticed Gastronok
 10186 | D:8      | Learned a level 2 spell: Swiftness
 10429 | D:8      | Reached skill level 1 in Charms
 10592 | D:8      | Reached skill level 1 in Air Magic
 11502 | D:9      | Noticed a hill giant
 11514 | D:9      | Reached XP level 10. HP: 44/77 MP: 9/9
 11756 | D:9      | Killed a hill giant
 12353 | D:9      | Learned a level 3 spell: Ozocubu's Armour
 12614 | D:10     | Entered Level 10 of the Dungeon
 12660 | D:10     | Reached skill level 1 in Ice Magic
 12813 | D:10     | Paralysed by you for 5 turns
 13150 | D:10     | Identified a scroll of acquirement
 13173 | D:10     | Noticed a hill giant
 13207 | D:10     | Killed a hill giant
 13311 | D:10     | Found a staircase to the Lair.
 13562 | Lair:1   | Entered Level 1 of the Lair of Beasts
 13597 | Lair:1   | Noticed Joseph
 13611 | Lair:1   | Killed Joseph
 13611 | Lair:1   | Acquired Okawaru's second power
 13611 | Lair:1   | Reached skill level 5 in Ice Magic
 14298 | Lair:1   | Reached skill level 5 in Charms
 14398 | Lair:1   | Noticed an eight-headed hydra
 14482 | Lair:1   | Killed an eight-headed hydra
 14482 | Lair:1   | Reached XP level 11. HP: 79/84 MP: 7/10
 14653 | Lair:2   | Received a gift from Okawaru
 14763 | Lair:2   | Learned a level 2 spell: Repel Missiles
 15269 | Lair:2   | Got a distressingly furry robe
 15270 | Lair:2   | Identified the +1 robe of the Burgomaster {Dex+3 Int+2} (You found it on level 2 of the Lair of Beasts)
 16219 | Lair:2   | Received a gift from Okawaru
 16222 | Lair:2   | Got an iridescent halberd {god gift}
 16299 | Lair:2   | Identified the +11,+2 halberd of the Forest {pain, +Rage rPois rN+ Int-3} (Okawaru gifted it to you on level 2 of the Lair of Beasts)
 16456 | Lair:3   | Found a glowing golden altar of the Shining One.
 16488 | Lair:3   | Reached skill level 1 in Invocations
 16607 | Lair:3   | Received a gift from Okawaru
 16610 | Lair:3   | Got a twisted triple sword {god gift}
 17009 | Lair:3   | Reached XP level 12. HP: 61/92 MP: 14/18
 17239 | Lair:3   | Reached skill level 10 in Fighting
 17397 | Lair:3   | Received a gift from Okawaru
 17606 | Lair:3   | Reached skill level 12 in Dodging
 17614 | Lair:3   | Noticed an eight-headed hydra
 17633 | Lair:3   | Slain by an eight-headed hydra

Action                   |  1- 3 |  4- 6 |  7- 9 | 10-12 || total
-------------------------+-------+-------+-------+-------++-------
Melee: Trident           |   136 |   184 |   750 |    77 ||  1147
       Demon trident     |       |       |       |   476 ||   476
 Fire: Blowgun           |       |     3 |    40 |       ||    43
 Cast: Swiftness         |       |       |       |    12 ||    12
       Ozocubu's Armour  |       |       |       |    12 ||    12
Invok: Heroism           |       |       |     2 |     9 ||    11
Evoke: Wand              |       |       |    30 |    20 ||    50
  Use: Scroll            |     1 |     4 |    16 |    13 ||    34
       Potion            |       |     3 |     1 |     2 ||     6
 Stab: Sleeping          |     2 |     1 |     1 |     3 ||     7
       Confused          |       |       |     5 |       ||     5
       Distracted        |       |       |     1 |     2 ||     3
